 Dungeon Crawl Stone Soup version 0.31-a0-446-g07c4bd200f (webtiles) character file.

Game seed: 17843640597234055103

312 Ethylacetat the Trooper (level 6, -9/33 HPs)
             Began as a Vine Stalker Monk on Aug 3, 2023.
             Mangled by an ogre
             ... wielding a +0 giant club
              (24 damage)
             ... on level 5 of the Dungeon.
             The game lasted 00:04:39 (2845 turns).

Ethylacetat the Trooper (Vine Stalker Monk)         Turns: 2845, Time: 00:04:40

Health: -9/33      AC:  2    Str: 14    XL:     6   Next: 42%
Magic:  0/10       EV: 13    Int: 10    God:
Gold:   211        SH:  0    Dex: 18    Spells: 9/9 levels left

rFire   . . .        g - staff of earth
rCold   + . .        c - orb {light}
rNeg    . . .        a - +0 robe
rPois   +            (no helmet)
rElec   .            (no cloak)
rCorr   .            (no gloves)
SInv    .            (no boots)
Will    .....        (no amulet)
Stlth   +            e - ring of poison resistance
HPRegen 1.05/turn    s - ring of protection from cold
MPRegen 0.12/turn

%: guardian spirit
@: glowing
A: fangs 2, regeneration 1, magic shield, antimagic bite, no potion heal 2
a: no special abilities


You were on level 5 of the Dungeon.
You visited 2 branches of the dungeon, and saw 6 of its levels.

You collected 211 gold pieces.

Inventory:

Armour
 a - a +0 robe (worn)
 c - an orb of light (worn)
Magical Staves
 g - a staff of earth (weapon)
Jewellery
 e - a ring of poison resistance (left hand)
 s - a ring of protection from cold (right hand)
 t - a ring of ice
Scrolls
 d - 3 scrolls of silence {unknown}
 f - a scroll of poison {unknown}
 h - 5 scrolls of identify {unknown}
 i - 2 scrolls of blinking {unknown}
 j - 3 scrolls of immolation {unknown}
 l - a scroll of amnesia {unknown}
 m - 3 scrolls of teleportation {unknown}
 o - 3 scrolls of noise {unknown}
 p - a scroll of fear {unknown}
 q - a scroll of fog {unknown}
 u - 3 scrolls of vulnerability {unknown}
 x - a scroll of summoning {unknown}
Potions
 b - a potion of ambrosia
 k - 2 potions of curing {unknown}
 n - a potion of brilliance {unknown}
 r - a potion of haste {unknown}
 v - a potion of degeneration {unknown}
 w - a potion of lignification {unknown}


   Skills:
 + Level 3.9 Fighting
 + Level 1.7 Staves
 - Level 2.9 Dodging
 - Level 3.6 Unarmed Combat
 + Level 2.0 Spellcasting
 + Level 1.9 Earth Magic
 + Level 1.8 Evocations


You had 9 spell levels left.
You didn't know any spells.
Your spell library contained the following spells:

 Spells                   Type           Power      Damage    Failure   Level
 Passwall                 Tmut/Erth      3%         N/A       32%         2
 Cigotuvi's Dreadful Rot  Necr/Pois/Air  2%         N/A       43%         2
 Ensorcelled Hibernation  Hex/Ice        2%         N/A       43%         2
 Ignite Poison            Fire/Tmut/Pois 1%         N/A       67%         3
 Swiftness                Air            1%         N/A       67%         3
 Freezing Cloud           Conj/Ice/Air   0%         6-21      100%        5


Dungeon Overview and Level Annotations

Branches:
Dungeon (5/15)             Temple (1/1) D:4

Altars:
Ashenzari
Elyvilon
Hepliaklqana
Kikubaaqudgha
Qazlal
Ru
Uskayaw
Vehumet

Shops:
D:3 [


Innate Abilities, Weirdness & Mutations

You have extremely sharp teeth.
Your natural rate of healing is unusually fast.
When hurt, damage is shared between your health and your magic reserves.
Your bite disrupts and absorbs the magic of your enemies.
Potions cannot restore your health.


Message History

There is a stone staircase leading down here.
You climb downwards.
Found a scroll labelled ITUIBBAREH.
There is a stone staircase leading up here.
Found a chain mail.
x - a scroll labelled ITUIBBAREH No target in view!
You open the door.
An ogre comes into view. It is wielding a +0 giant club.
The ogre shouts!
There is an open door here.
The ogre hits you with a +0 giant club!!
Ouch! That really hurt!
You are too injured to fight recklessly!
You are too injured to fight recklessly!
You hit the ogre. You bite the ogre. You drain its power.
You feel invigorated.
You hit the ogre but do no damage. You bite the ogre. You drain its power.
The ogre is moderately wounded.
You hit the ogre. x2; You bite the ogre.
You drain its power.
The ogre is heavily wounded.
The ogre closely misses you.
You hit the ogre. x2
The ogre is almost dead.
The ogre hits you with a +0 giant club!!
* * * LOW HITPOINT WARNING * * *
You hit the ogre. You bite the ogre.
You kill the ogre!
Your Spellcasting skill increases to level 2!
You see here a +0 giant club.
You open the door.
An ogre comes into view. It is wielding a +0 giant club.
The ogre shouts!
You close the door.
There's a creature in the doorway!
You hit the ogre. You bite the ogre. You drain its power.
You feel invigorated.
You hit the ogre but do no damage.
The ogre is moderately wounded.
The ogre hits you with a +0 giant club!!
Ouch! That really hurt!
You die...

##+ ..# ..#
+###+###+..+
#.......#..# #
#...)..@#..# .###
+###+###O###.....
#O......#.....
###.###........
.........##.###
###.###.## # . .#
#.# ... .#
#.###.....
#.<......#


You could see an ogre.

Vanquished Creatures
  An ogre (D:5)
  An orc priest (D:3)
  2 iguanas
  An orc wizard (D:3)
  A gnoll (D:1)
  4 adders
  A worm (D:3)
  2 dart slugs
  5 orcs
  8 endoplasms
  3 giant cockroaches (D:3)
  5 hobgoblins
  6 quokkas
  7 ball pythons
  3 bats
  2 frilled lizards
  8 goblins
  5 kobolds
  4 rats
69 creatures vanquished.

Notes
Turn   | Place    | Note
-------+----------+-------------------------------------------
     0 | D:1      | Ethylacetat the Vine Stalker Monk began the quest for the
                  | Orb.
     0 | D:1      | Reached XP level 1. HP: 11/11 MP: 2/2
   101 | D:1      | Reached XP level 2. HP: 8/16 MP: 3/3
   251 | D:1      | Reached XP level 3. HP: 17/20 MP: 4/4
   637 | D:2      | Found a faded altar of an unknown god.
  1353 | D:3      | Gained mutation: Your natural rate of healing is unusually
                  | fast. [Vine Stalker growth]
  1353 | D:3      | Reached XP level 4. HP: 24/24 MP: 5/5
  1361 | D:3      | Found Izem's Antique Armour Shoppe.
  1629 | D:3      | Reached skill level 1 in Spellcasting
  1629 | D:3      | Reached skill level 1 in Earth Magic
  1629 | D:3      | Reached skill level 1 in Evocations
  1629 | D:3      | Reached XP level 5. HP: 9/28 MP: 4/7
  1639 | D:3      | Reached skill level 1 in Staves
  1966 | D:3      | Found a radiant altar of Vehumet.
  2143 | D:4      | Found a broken altar of Ashenzari.
  2147 | D:4      | Saw a vision of the Swamp and the Snake Pit.
  2147 | D:4      | Noticed a naga
  2147 | D:4      | Noticed a swamp dragon
  2147 | D:4      | Noticed a naga sharpshooter
  2147 | D:4      | Noticed a four-headed hydra
  2147 | D:4      | Noticed a tyrant leech
  2148 | D:4      | Noticed a spriggan druid
  2148 | D:4      | Noticed a naga
  2148 | D:4      | Noticed an eight-headed hydra
  2149 | D:4      | Noticed a naga
  2152 | D:4      | Noticed a naga
  2437 | D:4      | Found a staircase to the Ecumenical Temple.
  2445 | Temple   | Entered the Ecumenical Temple
  2616 | D:4      | Reached XP level 6. HP: 32/33 MP: 7/9
  2821 | D:5      | Entered Level 5 of the Dungeon
  2845 | D:5      | Mangled by an ogre

Illustrated notes

Levels and vault maps discovered:
D:1:      minmay_arrival_stone_box, layout_rooms, dreamdust_princess_corridor,
          minmay_hexomino_f4
D:2:      layout_loops_ring, hellmonk_ecumenical_altar_run_dry
D:3:      layout_loops_ring, mainiacjoe_overflow_alcove_4, serial_shops, shop
D:4:      wander_river, layout_cave_pods, grunt_ashenzari_visionary
          [grunt_ashenzari_visionary_swamp, grunt_ashenzari_visionary_snake],
          minmay_temple_entry_hall
D:5:      layout_loops_ring, old_standard_altar, mainiacjoe_overflow_24_doors,
          gammafunk_ghost_nasty_kobolds, serial_shops, shop,
          minmay_diced_spiral, uniq_edmund, uniq_sigmund
Temple:   hellmonk_temple_rainy

Skill      XL: |  1  2  3  4  5  6 |
---------------+-------------------+-----
Fighting       | 3 |  3.9
Spellcasting   | 1 2 |  2.0
Earth Magic    | 1 |  1.9
Evocations     | 1 |  1.8
Staves         | 1 |  1.7
Dodging        | |  2.9
Unarmed Combat | |  3.6

Action                     |  1- 3 |  4- 6 || total
---------------------------+-------+-------++-------
  Melee: Unarmed           |    24 |       ||    24
         Bite              |    26 |    51 ||    77
         Staff             |    73 |   147 ||   220
 Armour: Robe              |     7 |     2 ||     9
  Dodge: Dodged            |    39 |    58 ||    97

Table legend: (Time is in decaauts)
 A = Elapsed time spent in this place.
 B = Non-inter-level travel time spent in this place.
 C = Inter-level travel time spent in this place.
 D = Time resting spent in this place.
 E = Time spent auto-exploring this place.
 F = Levels seen in this place.
 G = Mean time per level.
                   A        B        C        D        E       F      G
               +--------+--------+--------+--------+--------+-----+--------+
         Total |   2889 |   2744 |    145 |      0 |   2277 |   6 |  481.5 |
       Dungeon |   2887 |   2742 |    145 |      0 |   2277 |   5 |  577.4 |
        Temple |      1 |      1 |      0 |      0 |      0 |   1 |    1.0 |
               +--------+--------+--------+--------+--------+-----+--------+

Top non-repeatable levels by time:
     D:2: 804 daAuts
     D:4: 802 daAuts
     D:3: 711 daAuts
     D:1: 545 daAuts
     D:5: 24 daAuts
  Temple: 1 daAuts
